[Event "*** Titled Tuesday Blitz"]
[Site "Chess.com"]
[Date "2020.04.28"]
[Round "7"]
[White "maciek_92"]
[Black "swimmerchess"]
[Result "0-1"]
[WhiteElo "2676"]
[BlackElo "2853"]
[TimeControl "180+1"]
[EndTime "11:19:14 PDT"]
[Termination "swimmerchess won by resignation"]

1. e4 e5 2. Nf3 Nc6 3. Bb5 a6 4. Ba4 Nf6 5. O-O Be7 6. Re1 b5 7. Bb3 d6 8. c3 O-O 9. h3 Bb7 10.
d4 Re8 11. a4 Bf8 12. Nbd2 h6 13. Bc2 exd4 14. cxd4 Nb4 15. Bb1 c5 16. b3 cxd4 17. Nxd4 Qb6 18. Bb2 d5 19. e5 Bc5 20. a5 Qa7 21. Nf1 Ne4 22. Bxe4 dxe4 23. Re2 Nd3 24. Nf5 Bxf2+ 25. Kh2 Nxb2 26. Rxb2 Rxe5 27. Qg4 Rxf5 28. Qxf5 Bd4 29. Raa2 Bxb2 30. Rxb2 Re8 31. Ng3 Qb8 32. Rf2 Qc7 33. Qg4 e3 34. Re2 Bd5 35. Kh1 Re6 36.
Nf5 Rg6 37. Qd4 Bxb3 38. Rxe3 Be6 39. Nh4 Rf6 40. Nf3 b4 41. Rd3 b3 42. Qb6 Qc1+ 43.
Kh2 b2 44. Rd8+ Kh7 45. Qb8 b1=Q 46. Rh8+ Kg6 47. Nh4+ Kh5 48. g4+ Kxh4 49. Qg3+ Kg5 50. h4+ Kg6 51. h5+ Kg5 52. Qe5+ Bf5 0-1

[Event "*** Titled Tuesday Blitz"]
[Site "Chess.com"]
[Date "2020.04.28"]
[Round "7"]
[White "Soltan49"]
[Black "TST2014"]
[Result "1-0"]
[WhiteElo "2437"]
[BlackElo "2593"]
[TimeControl "180+1"]
[EndTime "11:19:14 PDT"]
[Termination "Soltan49 won on time"]

1. e4 c5 2. Nf3 Nc6 3. Bc4 e5 4. O-O d6 5. c3 Be7 6. d4 Nf6 7. Nbd2 O-O 8. d5 Nb8 9. b4 Nbd7 10. Rb1 b6 11. Ne1 a6 12. a4 Rb8 13.
b5 a5 14. Be2 Ne8 15. c4 Bg5 16. Nd3 g6 17. f4 exf4 18. Nxf4 Ne5 19. Nf3 Bf6 20.
Bb2 Qe7 21. Qc2 Bg4 22. Nxe5 Bxe2 23. Nc6 Bxf1 24. Nxe7+ Bxe7 25. Rxf1 Ng7 26. Qc3 f6 27. Ne6 Nxe6 28. dxe6 Rbe8 29. Qd3 Kg7 30. g4 Kg8 31. Rf3 g5 32. Qd5 h6 33. Qb7 Bd8 34. Qd5 Be7 35. Qf5 Kg7 36. h4 gxh4 37. Rh3 Rh8 38. Rxh4 Reg8 39.
e5 dxe5 40. Bxe5 Rf8 41. Bc3 Rhg8 42. Kh1 Rh8 43. g5 h5 44. Rh3 h4 45. Rd3 Rh5 46.
Rd7 Rxg5 47. Qxg5+ Kh8 48. Rxe7 1-0

[Event "*** Titled Tuesday Blitz"]
[Site "Chess.com"]
[Date "2020.04.28"]
[Round "7"]
[White "DinaBelenkaya"]
[Black "SmirnovAlexandrA"]
[Result "1-0"]
[WhiteElo "2203"]
[BlackElo "2332"]
[TimeControl "180+1"]
[EndTime "11:19:14 PDT"]
[Termination "DinaBelenkaya won by resignation"]

1. e4 c5 2. Nf3 d6 3. Bb5+ Nd7 4. O-O a6 5. Bd3 g6 6. c3 Bg7 7. Bc2 Ngf6 8. Re1 O-O 9. d4 cxd4 10. cxd4 b5 11.
d5 Nb6 12. Nbd2 Bd7 13. Nb3 Rc8 14. Nbd4 Ng4 15. Bd3 Ne5 16. Nxe5 Bxe5 17. Bf1 Bg7 18. b3 Qc7 19. Bb2 Qa7 20. Qd2 Rc7 21. Rac1 Rfc8 22. h4 h5 23. Red1 Kh7 24. Nf3 Rxc1 25. Rxc1 Rxc1 26.
Qxc1 Bxb2 27. Qxb2 f6 28. Qc3 Qb7 29. Nd4 Qc8 30.
Nc6 Kg7 31. a4 bxa4 32. bxa4 Nxa4 33. Qc4 Nb6 34. Qxa6 Qxa6 35. Bxa6 e6 36. Nb4 exd5 37. exd5 f5 38. f3 Kf6 39. f4 Be8 40. Kf2 Bf7 41. Bb7 Be8 42. Ke3 Bb5 43. Kd4 Ke7 44.
Nc6+ Bxc6 45. dxc6 Kd8 46. Ba6 Kc7 47. Bb5 Kd8 48. Bc4 Nxc4 49. Kxc4 Kc8 50. Kd5 Kc7 51. g3 g5 52. hxg5 Kd8 53. Kxd6 h4 54. gxh4 1-0

[Event "*** Titled Tuesday Blitz"]
[Site "Chess.com"]
[Date "2020.04.28"]
[Round "7"]
[White "EvgenyRomanov"]
[Black "Khamrakulov_Djurabek"]
[Result "0-1"]
[WhiteElo "2652"]
[BlackElo "2819"]
[TimeControl "180+1"]
[EndTime "11:19:15 PDT"]
[Termination "Khamrakulov_Djurabek won by resignation"]

1. c4 e5 2. d3 Nf6 3. a3 c6 4. Nf3 Be7 5. b4 a5 6. b5 cxb5 7. cxb5 d6 8. g3 O-O 9. Bg2 a4 10. O-O Qa5 11. Bd2 Qxb5 12. Nc3 Qa6 13. Rb1 Be6 14. Nb5 Rc8 15. Ng5 Bb3 16. Rxb3 axb3 17. Qxb3 d5 18. Bxd5 Nxd5 19. Qxd5 Bxg5 20. Bxg5 Qc6 21. Rc1 Qd7 22. Rxc8+ Qxc8 23. Nd6 Qd7 24. Qxe5 Nc6 25. Qc5 Ra5 26. Nb5 Nd4 27. Qxd4 Qxd4 28.
Nxd4 Rxg5 29. f4 Ra5 30. Nc2 Rc5 31. Nd4 Rc3 32. Nb5 Rb3 33. Nd6 Kf8 34. a4 Ke7 35. Nc4 b6 36. Kf2 Kd7 37. Ke3 f6 38. Kd4 Kc6 39. e4 Rb4 40. e5 Rxa4 41. Kc3 b5 42. Nd6 Kd5 43. Nxb5 fxe5 44. Nc7+ Kc6 45. Ne6 g6 46. fxe5 Kd5 47. Ng5 Kxe5 48. Nxh7 Kf5 49. d4 Ra7 50. Nf8 Rf7 51. Nxg6 Kxg6 52. d5 Kf6 53.
Kd4 Ra7 54. h4 Ra3 55. g4 Ra4+ 56. Kc5 Rxg4 57. Kc6 Ke7 58. d6+ Kd8 59. h5 Rh4 0-1

[Event "*** Titled Tuesday Blitz"]
[Site "Chess.com"]
[Date "2020.04.28"]
[Round "7"]
[White "Bubi6"]
[Black "Superfelix"]
[Result "1-0"]
[WhiteElo "2649"]
[BlackElo "2479"]
[TimeControl "180+1"]
[EndTime "11:19:15 PDT"]
[Termination "Bubi6 won by resignation"]

1. e4 c6 2. d4 g6 3. Nc3 d5 4. Nf3 dxe4 5. Nxe4 Nf6 6. Nxf6+ exf6 7. Bc4 Bg7 8. O-O O-O 9. c3 a5 10. Bf4 Na6 11.
Qd2 Nc7 12. Rfe1 Nd5 13. Bg3 Be6 14. a3 Qd7 15. Ba2 b5 16. h3 a4 17. Rac1 Rfe8 18. c4 bxc4 19. Bxc4 h5 20. Qc2 Bf5 21. Bd3 Bxd3 22. Qxd3 Bh6 23. Rxe8+ Rxe8 24. Re1 Rxe1+ 25.
Nxe1 Qb7 26. Qc2 Qb5 27. Nd3 Qb3 28. Qxb3 axb3 29. a4 Bd2 30. Bd6 Kg7 31. Kf1 Ba5 32. Ke2 f5 33. Kd1 Kf6 34. Nc5 Bb4 35. Be5+ Ke7 36.
Nxb3 f6 37. Bb8 h4 38. Ke2 g5 39. a5 Kd7 40. Ba7 Bd6 41. Bc5 Bf4 42. a6 Kc8 43.
Na5 Bb8 44. a7 Bxa7 45. Bxa7 Kd7 46. Bc5 Nf4+ 47. Kf1 Nd3 48. b4 f4 49. f3 f5 50. Nc4 Ke6 51. Ne5 Nb2 52. Nxc6 Kd5 53. Ne7+ Kc4 54. Nxf5 Kd3 55. Ng7 Nd1 56. Ne6 Ne3+ 57.
Kg1 g4 58. Nxf4+ Kc4 59. hxg4 Nd5 60. Nxd5 1-0

[Event "*** Titled Tuesday Blitz"]
[Site "Chess.com"]
[Date "2020.04.28"]
[Round "7"]
[White "CSB7"]
[Black "731291"]
[Result "1-0"]
[WhiteElo "2526"]
[BlackElo "2667"]
[TimeControl "180+1"]
[EndTime "11:19:16 PDT"]
[Termination "CSB7 won by checkmate"]

1. e4 c5 2. Nf3 Nc6 3. d4 cxd4 4. Nxd4 Nf6 5. Nc3 e5 6. Ndb5 d6 7. Bg5 a6 8. Na3 b5 9. Bxf6 gxf6 10. Nd5 Bg7 11.
Bd3 O-O 12. O-O Ne7 13. Nxe7+ Qxe7 14. c4 f5 15. Qf3 bxc4 16. Bxc4 fxe4 17. Qxe4 Bb7 18.
Bd5 Bxd5 19. Qxd5 Rad8 20. Nc4 Kh8 21. b4 e4 22. Rad1 f5 23. a4 Be5 24. b5 axb5 25.
axb5 Rg8 26. g3 h5 27. b6 h4 28. Nxe5 dxe5 29. Qc6 Kh7 30. b7 e3 31. Rxd8 Qxd8 32.
Qf3 f4 33. Qh5+ Kg7 34. Qxe5+ Kh7 35. Qh5+ Kg7 36. Qe5+ Kh7 37. Qxf4 e2 38. Qe4+ Rg6 39. Qxe2 Qb8 40. Qe7+ Rg7 41. Qxh4+ Kg8 42. Qc4+ Kh8 43.
Rb1 Kh7 44. Qe4+ Kg8 45. Qc4+ Kh7 46. Qc8 Rg8 47. Qxb8 Rxb8 48. h4 Kg6 49. Kg2 Kf5 50. Rb5+ Ke4 51. Rb1 Ke5 52. h5 Kd4 53. h6 Kd3 54. h7 Kc2 55. h8=Q Kxb1 56. Qxb8 Kb2 57. Qc7 Kb3 58. b8=Q+ Ka4 59. Qca7# 1-0

[Event "*** Titled Tuesday Blitz"]
[Site "Chess.com"]
[Date "2020.04.28"]
[Round "7"]
[White "MPGM"]
[Black "Andrii_Prydun"]
[Result "0-1"]
[WhiteElo "2497"]
[BlackElo "2354"]
[TimeControl "180+1"]
[EndTime "11:19:16 PDT"]
[Termination "Andrii_Prydun won on time"]

1. e3 d5 2. Nf3 Nf6 3. c4 c6 4.
Nc3 e6 5. b3 Bd6 6. Bb2 Qe7 7.
Be2 Ba3 8. Qc1 Bxb2 9. Qxb2 O-O 10.
O-O b6 11. d4 Bb7 12. Rac1 Nbd7 13. b4 e5 14. cxd5 cxd5 15. dxe5 Nxe5 16. Nd4 Rac8 17.
Rfd1 Nc4 18. Qb3 a6 19. a4 Rc7 20. Bf3 Rfc8 21. Nce2 g6 22. h3 Ne4 23. Bxe4 Qxe4 24. b5 a5 25. Qd3 Qe5 26. Nf3 Qe4 27. Qxe4 dxe4 28. Nfd4 Ne5 29. Rxc7 Rxc7 30. Rc1 Rxc1+ 31.
Nxc1 Nc4 32. Na2 Nb2 33. Nc3 f5 34. Kf1 Kf7 35. g4 fxg4 36. hxg4 Kf6 37. Kg2 h5 38. gxh5 gxh5 39. Kg3 Nd3 40. Nc6 Kf5 41. Nd5 h4+ 42.
Kxh4 Nxf2 43. Nxb6 Nd1 44. Nd4+ Ke5 45. Nc4+ Kd5 46.
Nxa5 Bc8 47. b6 Nxe3 48. Nb5 Kc5 49. b7 Bxb7 50. Nxb7+ Kb4 51. Nc3 Kxc3 52. a5 Nd5 0-1

[Event "*** Titled Tuesday Blitz"]
[Site "Chess.com"]
[Date "2020.04.28"]
[Round "7"]
[White "maxsergej"]
[Black "Teidi96"]
[Result "0-1"]
[WhiteElo "2127"]
[BlackElo "2253"]
[TimeControl "180+1"]
[EndTime "11:19:17 PDT"]
[Termination "Teidi96 won on time"]

1. e4 e5 2. Nf3 Nc6 3. Bb5 a6 4. Ba4 Nf6 5. O-O Be7 6. Re1 b5 7. Bb3 O-O 8. a4 Bb7 9. d3 d6 10. Bd2 h6 11. Na3 b4 12. Nc4 a5 13. Ne3 Re8 14.
h3 Bf8 15. Rc1 Bc8 16. Nd5 Be6 17. c3 bxc3 18. Rxc3 Bxd5 19. exd5 Nb4 20. d4 e4 21. Nh2 Nfxd5 22. Rg3 Kh8 23. Qh5 c6 24. Qxf7 Qf6 25.
Qxf6 Nxf6 26. Ng4 Nxg4 27. hxg4 d5 28. g5 hxg5 29. Bxg5 Nd3 30. Re2 Rab8 31. Bc2 Nxb2 32. f3 exf3 33. Rxe8 Rxe8 34. gxf3 Kg8 35. Bg6 Re1+ 36.
Kf2 Rd1 37. Rh3 Rxd4 38. Be3 Rxa4 39. Bf5 Bd6 40. Be6+ Kf8 41. Bg5 Nd3+ 42. Ke3 Ke8 43. Kxd3 Bf8 44. Be3 Ra3+ 45. Ke2 c5 46. Bxd5 a4 47.
Bc6+ Kf7 48. Rh4 Ra2+ 49. Kd3 Ra3+ 50. Ke2 Kg8 51. Rxa4 Ra2+ 0-1

[Event "*** Titled Tuesday Blitz"]
[Site "Chess.com"]
[Date "2020.04.28"]
[Round "7"]
[White "crescentmoon2411"]
[Black "johnathan113"]
[Result "1/2-1/2"]
[WhiteElo "2799"]
[BlackElo "2654"]
[TimeControl "180+1"]
[EndTime "11:19:18 PDT"]
[Termination "Game drawn - insufficient material"]

1. e4 c5 2. Nf3 g6 3. d4 cxd4 4.
Qxd4 Nf6 5. e5 Nc6 6. Qa4 Nd5 7.
Qe4 Nb6 8. Bd3 Bg7 9. O-O O-O 10.
Nc3 d5 11. exd6 Qxd6 12. Qh4 Qb4 13. Ne4 h5 14. c3 Qa5 15. h3 Bf5 16. g4 Qd5 17. gxf5 Qxd3 18. Be3 Nc4 19. Rad1 Qe2 20. Neg5 Nxe3 21. fxe3 Rad8 22. Rxd8 Rxd8 23. fxg6 fxg6 24.
Qe4 Rd6 25. Rf2 Qb5 26. Kg2 Rf6 27. h4 Qf5 28. Qxf5 Rxf5 29. Nd4 Rxf2+ 30. Kxf2 Ne5 31. Ke2 Bf6 32. Ngf3 Nc4 33. b3 Nd6 34. c4 e5 35.
Ne6 e4 36. Nfg5 Nf5 37. c5 Nxh4 38. Nxe4 Be7 39. b4 Nf5 40. b5 Kf7 41. Nf4 h4 42. c6 bxc6 43. bxc6 Nd6 44. c7 Nc8 45. a4 g5 46. Nd5 g4 47. Kf2 Ke6 48. Nxe7 Kxe7 49. Kg2 Kd7 50. Nf6+ Kxc7 51. Nxg4 Kb6 52. Ne5 Ka5 53.
Nc6+ Kxa4 54. Nxa7 Nxa7 55. Kh3 Kb5 56. Kxh4 Kc5 57. e4 Nc6 58. e5 Nxe5 1/2-1/2

[Event "*** Titled Tuesday Blitz"]
[Site "Chess.com"]
[Date "2020.04.28"]
[Round "7"]
[White "Hasangatin_Ramil"]
[Black "PetrolulSah"]
[Result "1-0"]
[WhiteElo "2462"]
[BlackElo "2215"]
[TimeControl "180+1"]
[EndTime "11:19:18 PDT"]
[Termination "Hasangatin_Ramil won on time"]

1. e4 e5 2. Nf3 Nc6 3. Bb5 a6 4. Ba4 Nf6 5. Bxc6 dxc6 6. d3 Bd6 7. Bg5 O-O 8. Nbd2 c5 9. Qe2 b5 10. a4 Bb7 11. O-O Re8 12. b3 Bf8 13. Rfe1 Qd6 14.
Nf1 Nd7 15. Ng3 g6 16. Qd2 Nb6 17. axb5 axb5 18. Bh6 c4 19. Bxf8 Qxf8 20. bxc4 bxc4 21. Qc3 f6 22. Rxa8 Rxa8 23. d4 Ra3 24. Qb2 c3 25. Qb5 Ra2 26. Qb3+ Qf7 27. d5 Ra4 28. Qxc3 Rc4 29.
Qb3 Qd7 30. Nd2 Rd4 31. Nf3 Rc4 32. Ra1 Qd6 33. h3 Qc5 34. Ra7 Bc8 35. d6 Qxd6 36. Nf1 Qd1 37. Nd2 Qxc2 38. Qb5 Bd7 39. Qa5 Ra4 40.
Ra8+ Nxa8 41. Qd5+ Kg7 42. Qxd7+ Kh6 43. Ne3 Ra1+ 44.
Kh2 Qxd2 45. Qxd2 Ra4 46. Ng4+ Kg7 47. Qd7+ Kf8 48. Nxf6 1-0

[Event "*** Titled Tuesday Blitz"]
[Site "Chess.com"]
[Date "2020.04.28"]
[Round "7"]
[White "agrigo3"]
[Black "DACF2905"]
[Result "1-0"]
[WhiteElo "2298"]
[BlackElo "2178"]
[TimeControl "180+1"]
[EndTime "11:19:18 PDT"]
[Termination "agrigo3 won by resignation"]

1. Nf3 Nf6 2. g3 d5 3. Bg2 e6 4. O-O Bd6 5. d4 O-O 6. c4 c6 7.
Nbd2 Re8 8. b3 Nbd7 9. Bb2 Qe7 10. Ne5 Ba3 11. Bxa3 Qxa3 12. e4 dxe4 13. Nxe4 Nxe4 14. Bxe4 Nf6 15. Bg2 c5 16. dxc5 Qxc5 17. Qe2 a5 18. Rab1 Ra6 19. Rfd1 Rd6 20. Rxd6 Qxd6 21. Rd1 Qb6 22.
Qe3 Qxe3 23. fxe3 Kf8 24. Kf2 Ke7 25. h3 Rd8 26. Rxd8 Kxd8 27. Nxf7+ Ke7 28. Ne5 Kd6 29. Nd3 b6 30. g4 h6 31. Ke2 g5 32. a3 Ba6 33.
Nb2 b5 34. Kd3 Kc5 35. Kc3 b4+ 36. axb4+ axb4+ 37. Kd3 Nd7 38. Na4+ Kd6 39. Kd4 e5+ 40. Kd3 Nf6 41. Be4 Nxe4 42. Kxe4 Bb7+ 43. Kf5 Bg2 44. Nb2 Bxh3 45. Nd3 h5 46. Kxg5 hxg4 47. Nxe5 g3 48. Nf3 Bf1 49. Kf4 g2 50. Kg3 Kc5 51. Kf2 Bd3 52.
Kxg2 Bc2 53. Nd4 Bxb3 54. Nxb3+ Kxc4 55. Na5+ Kd3 56. Kf3 Kc3 57. Ke2 b3 58. Nxb3 Kxb3 59. Kd3 Kb4 60. Kd4 Kb5 61. Kd5 Kb6 62. Kd6 Kb7 63.
Kd7 Kb6 64. e4 Kc5 65. e5 Kd5 66. e6 1-0

[Event "*** Titled Tuesday Blitz"]
[Site "Chess.com"]
[Date "2020.04.28"]
[Round "7"]
[White "HanSchut"]
[Black "Klavdia_Nik"]
[Result "0-1"]
[WhiteElo "2224"]
[BlackElo "2046"]
[TimeControl "180+1"]
[EndTime "11:19:18 PDT"]
[Termination "Klavdia_Nik won by checkmate"]

1. e4 e5 2. Nf3 Nc6 3. Bc4 Be7 4.
d4 exd4 5. c3 Nf6 6. e5 Ne4 7. Qe2 d5 8. exd6 Nxd6 9. Bd3 O-O 10.
O-O Bf6 11. h3 dxc3 12. Nxc3 Be6 13. Qc2 h6 14. a3 Nd4 15. Nxd4 Bxd4 16. Bf4 c5 17. Ne4 Nxe4 18. Bxe4 Bd5 19. Rad1 Bxe4 20. Qxe4 b6 21. b4 Qf6 22. bxc5 Bxc5 23. a4 Rfe8 24. Qc4 Qf5 25. Bg3 Re4 26. Qb5 Qe6 27. Rd2 a6 28. Qd3 Rxa4 29. Qf3 Re8 30. Rfd1 Re4 31.
Qd3 a5 32. Kh2 h5 33. Qb5 h4 34. Rd5 hxg3+ 35. fxg3 Re5 36. Qc4 Rxd5 37. Rxd5 a4 38.
Rd3 a3 39. Qb5 a2 40. Rd1 Qe5 41. Ra1 Bd6 42. Qxe5 Bxe5 43. Rxa2 Bd4 44. Ra3 Bc5 45. Rb3 Re2 46. g4 g5 47. Kg3 Kg7 48. Kf3 Rf2+ 49. Kg3 Re2 50. Kf3 Rf2+ 51. Kg3 Rf4 52. h4 f6 53. h5 f5 54. gxf5 Kf6 55. Rd3 Rh4 56. Rd5 Rxh5 57. Kf3 Rh4 58. g4 Rh3+ 59. Ke4 Re3# 0-1

[Event "*** Titled Tuesday Blitz"]
[Site "Chess.com"]
[Date "2020.04.28"]
[Round "7"]
[White "Playgood28"]
[Black "kinga2008"]
[Result "1/2-1/2"]
[WhiteElo "2219"]
[BlackElo "2104"]
[TimeControl "180+1"]
[EndTime "11:19:18 PDT"]
[Termination "Game drawn by repetition"]

1. d4 g6 2. c4 Bg7 3. Nc3 Nf6 4. Nf3 d6 5. h3 O-O 6. Bf4 Nbd7 7. e3 c5 8. Be2 Qa5 9. O-O a6 10. a3 Qb6 11.
Qd2 cxd4 12. exd4 Qc7 13. c5 Rd8 14. Rac1 e5 15. cxd6 Qxd6 16. dxe5 Qxd2 17. Nxd2 Nxe5 18. Nc4 Nxc4 19. Bxc4 Bf5 20. Rfd1 b5 21. Be2 Ne4 22. Nxe4 Bxe4 23. b3 Bb2 24. Rxd8+ Rxd8 25. Re1 Bc3 26. Rd1 Rc8 27. a4 Bc2 28. Rd6 Bxb3 29. axb5 axb5 30. Bxb5 Bb4 31. Rd7 Be6 32. Rb7 Bc5 33. Bd7 Bxd7 34. Rxd7 Re8 35. g4 Re1+ 36.
Kg2 Re2 37. Bg3 Bb6 38. Rd5 Kg7 39. Rd6 Bc7 40. Rc6 Bxg3 41. Kxg3 h5 42. gxh5 gxh5 43. Rc5 Kg6 44. Rc6+ Re6 45. Rxe6+ fxe6 46. Kf4 Kf6 47. h4 e5+ 48. Ke4 Ke6 49. f4 exf4 50. Kxf4 Kf6 51.
Ke4 Ke6 52. Kf4 Kf6 53. Ke4 Ke6 54. Kf4 1/2-1/2

[Event "*** Titled Tuesday Blitz"]
[Site "Chess.com"]
[Date "2020.04.28"]
[Round "7"]
[White "IljaJoke"]
[Black "Cocaino74"]
[Result "1-0"]
[WhiteElo "2482"]
[BlackElo "2338"]
[TimeControl "180+1"]
[EndTime "11:19:19 PDT"]
[Termination "IljaJoke won on time"]

1. d4 d5 2. c4 e6 3. Nf3 c6 4. e3 Nf6 5. Bd3 Nbd7 6. O-O Bd6 7. b3 Ne4 8. Ba3 Bxa3 9. Nxa3 O-O 10. Nc2 b6 11. a4 Nd6 12. a5 Ba6 13. cxd5 Bxd3 14.
Qxd3 exd5 15. Nb4 bxa5 16. Nxc6 Qb6 17. Nxa5 Rfc8 18. Ne5 Nf6 19. f3 Rab8 20. Rfb1 g6 21.
b4 Kg7 22. b5 Nxb5 23. h4 a6 24. h5 Nxh5 25. Nd7 Qe6 26. Nxb8 Rxb8 27. Nb3 Ng3 28. Nc5 Qe7 29. Nxa6 Qh4 30. Rxb5 Rxb5 31. Qxb5 Qh1+ 32. Kf2 Qxa1 33. Kxg3 h5 34. Kf2 h4 35. Nc5 Qa2+ 36. Qe2 Qa3 37. Nd3 Qd6 38. Nf4 g5 39. Nh3 Qg3+ 40. Kg1 f6 41. Qf2 Qc7 42. e4 Qc1+ 43. Kh2 Qc7+ 44. f4 dxe4 45. Qe3 g4 46. Ng1 g3+ 47. Kh1 f5 48. d5 Qd6 49. Qd4+ Kg6 50.
Qe5 Qc5 51. Qe6+ Kg7 52. Qxf5 e3 53. Qe5+ Kg6 54. d6 e2 55. Qxe2 1-0

[Event "*** Titled Tuesday Blitz"]
[Site "Chess.com"]
[Date "2020.04.28"]
[Round "7"]
[White "NemtsevIgor"]
[Black "Kimster98"]
[Result "1/2-1/2"]
[WhiteElo "2366"]
[BlackElo "2554"]
[TimeControl "180+1"]
[EndTime "11:19:19 PDT"]
[Termination "Game drawn - insufficient material"]

1. d4 Nf6 2. Bf4 d5 3. e3 e6 4.
Nd2 Bd6 5. Bg3 O-O 6. Ngf3 c5 7. c3 Qc7 8. Ne5 Nfd7 9. f4 f6 10. Nef3 f5 11. Ne5 Nxe5 12. fxe5 Be7 13. Be2 b6 14. O-O a5 15. a4 Ba6 16. Bb5 Bxb5 17. axb5 Nd7 18.
Qh5 Qc8 19. Bh4 Qe8 20. Qxe8 Rfxe8 21. Bxe7 Rxe7 22. c4 g6 23. cxd5 exd5 24. Nf3 Nf8 25. dxc5 bxc5 26. Rfd1 Rd7 27. Rac1 Rc8 28. Ra1 Ra8 29.
Rac1 Ne6 30. h4 Rb8 31. Rc2 Rxb5 32. Rcd2 c4 33. Ra1 Kf7 34. Ra3 Ke7 35. Ra1 h6 36. Ra2 Rdb7 37. Kh2 Rd7 38. Kg3 g5 39. hxg5 hxg5 40.
Ra1 f4+ 41. exf4 gxf4+ 42. Kg4 Rd8 43. Rh1 Rg8+ 44. Kf5 Rf8+ 45. Kg4 Rg8+ 46. Kf5 Rf8+ 47. Kg4 Rf7 48. Rh6 Rb8 49. Rxd5 Rxb2 50. Nh4 Rg7+ 51.
Kf5 Rg5+ 52. Ke4 Re2+ 53. Kf3 Re3+ 54. Kf2 Rexe5 55. Rxe5 Rxe5 56. Ng6+ Kd6 57. Nxe5 Kxe5 58. Rh8 Kd4 59. Ra8 c3 60. Rxa5 c2 61. Ra1 Nc5 62.
Kf3 Nd3 63. g3 fxg3 64. Kxg3 Ke3 65. Kg4 Kd2 66. Ra2 Kd1 67. Rxc2 Kxc2 1/2-1/2

[Event "*** Titled Tuesday Blitz"]
[Site "Chess.com"]
[Date "2020.04.28"]
[Round "7"]
[White "Kaua18"]
[Black "Morshynska"]
[Result "0-1"]
[WhiteElo "2233"]
[BlackElo "2112"]
[TimeControl "180+1"]
[EndTime "11:19:19 PDT"]
[Termination "Morshynska won on time"]

1. e4 c5 2. Nf3 d6 3. d4 cxd4 4. Nxd4 Nf6 5. Nc3 a6 6. Be2 e5 7.
Nb3 Be7 8. O-O Be6 9. Re1 O-O 10. Bf3 a5 11. a4 Nbd7 12. Nb5 Nc5 13. Bg5 Nxb3 14. cxb3 Qd7 15. Bxf6 gxf6 16. h3 f5 17. exf5 Bxf5 18. Bd5 Kh8 19. Qf3 Rab8 20. Rac1 Bd8 21. Red1 Bg6 22. g4 f5 23. Qg2 Bb6 24. Bf3 e4 25.
Be2 fxg4 26. Bxg4 Qg7 27. Rf1 e3 28. Nxd6 exf2+ 29. Kh1 Bc7 30. Ne4 Qe5 31. Nxf2 Bb6 32. Nd3 Bxd3 33. Rfe1 Qd6 34. Rcd1 Bc7 35. Be2 Qc5 36.
Rxd3 Rbe8 37. Rg3 Bxg3 38. Qxg3 Qf2 39. Qxf2 Rxf2 40. Kg1 Rexe2 41. Rc1 Rg2+ 42. Kf1 Rgf2+ 43.
Kg1 Rc2 44. Rd1 Rfd2 45. Re1 Rxb2 46. Re8+ Kg7 47. Re7+ Kf6 48. Re1 Rxb3 49. Rf1+ Ke5 50. Rc1 Kd4 51. Rc7 Kd3 52. Re7 Kc2 53. Rd7 Rc3 54. Rc7 Rxc7 0-1

[Event "*** Titled Tuesday Blitz"]
[Site "Chess.com"]
[Date "2020.04.28"]
[Round "7"]
[White "Antelacus"]
[Black "GracefulYear"]
[Result "1/2-1/2"]
[WhiteElo "2325"]
[BlackElo "2450"]
[TimeControl "180+1"]
[EndTime "11:19:22 PDT"]
[Termination "Game drawn - insufficient material"]

1. d4 g6 2. e4 Bg7 3. Nc3 c6 4. Nf3 d5 5. e5 Bg4 6. Be2 e6 7. O-O Ne7 8. h3 Bxf3 9. Bxf3 O-O 10. Bg5 Nd7 11. Qd2 Re8 12. Ne2 Qc7 13. Ng3 Nf8 14.
h4 Nf5 15. Nxf5 exf5 16. h5 Ne6 17. Bh6 Bh8 18. hxg6 fxg6 19. c3 Rad8 20. Rae1 Qf7 21. Bd1 f4 22. g3 g5 23. Qe2 Qg6 24. Qh5 Rd7 25. Bg4 Rf7 26. Kh2 Bg7 27. Bxg7 Kxg7 28.
Qxg6+ Kxg6 29. Bxe6 Rxe6 30. gxf4 Rxf4 31. Re3 Kf5 32. Rh3 h6 33. Kg2 c5 34. Rfh1 cxd4 35. cxd4 Rxd4 36. Rxh6 Rxe5 37. Rh7 Rg4+ 38. Kf3 Rf4+ 39.
Kg2 Rb4 40. b3 Re6 41. Rd1 Ke5 42. Rd7 d4 43. Kf3 Rf6+ 44. Ke2 a6 45. Re7+ Kd6 46. Rg7 Rf5 47. Rd3 Ke5 48. Re7+ Kf6 49. Rd7 Ke6 50.
R7xd4 Re5+ 51. Kd2 Rxd4 52. Rxd4 Rd5 53. Ke3 Ke5 54.
Rxd5+ Kxd5 55. Kf3 Ke5 56. Kg4 Ke4 57. Kxg5 Kf3 58.
Kf5 Kxf2 59. Ke5 Ke2 60. Kd6 Kd2 61. Kc7 Kc3 62. Kxb7 a5 63. Kb6 Kb4 64. Ka6 a4 65. bxa4 Kxa4 66. a3 Kxa3 1/2-1/2

[Event "*** Titled Tuesday Blitz"]
[Site "Chess.com"]
[Date "2020.04.28"]
[Round "7"]
[White "vinodbhagwat1976"]
[Black "Ana_Berke"]
[Result "0-1"]
[WhiteElo "2216"]
[BlackElo "2116"]
[TimeControl "180+1"]
[EndTime "11:19:22 PDT"]
[Termination "Ana_Berke won on time"]

1. d4 Nf6 2. c4 e6 3. Nc3 Be7 4. e4 d6 5. Nf3 d5 6. e5 Ne4 7.
Bd3 Nxc3 8. bxc3 c5 9. O-O Nc6 10. Be3 b6 11. cxd5 exd5 12. Qa4 Bd7 13. Qd1 O-O 14.
h3 h6 15. Bc2 c4 16. Nd2 f5 17. exf6 Bxf6 18. Qh5 Qe8 19. Qxd5+ Kh8 20. Qxc4 Rd8 21. Qd3 g6 22. Qxg6 Qxg6 23. Bxg6 Kg7 24. Be4 Ne7 25.
Kh2 Nf5 26. Bxf5 Bxf5 27. Rfe1 Rf7 28. Bf4 Rc8 29. Re3 Re7 30. Rae1 Rxe3 31. Rxe3 b5 32.
g4 Bg6 33. Kg3 b4 34. cxb4 Bxd4 35. Be5+ Bxe5+ 36. Rxe5 Rc2 37. Rd5 Rxa2 38. f4 Ra3+ 39. Kf2 Rxh3 40. f5 Bf7 41. Rd7 Rc3 42. Ne4 Rc2+ 43.
Ke3 Kf8 44. Rxa7 Rb2 45. b5 Rxb5 46. Rxf7+ Kg8 47. Re7 h5 48. Nf6+ Kf8 49. Rh7 hxg4 50. Kf4 g3 51. Ne4 g2 52. Rh8+ Kg7 53. Rh5 g1=Q 54.
Rg5+ Qxg5+ 55. Nxg5 Rb4+ 56. Ke5 Rb5+ 57. Kf4 Kf6 58.
Ne4+ Kf7 59. Kg5 Ra5 0-1

[Event "*** Titled Tuesday Blitz"]
[Site "Chess.com"]
[Date "2020.04.28"]
[Round "7"]
[White "kuli4ik"]
[Black "Hikaru"]
[Result "0-1"]
[WhiteElo "2717"]
[BlackElo "3234"]
[TimeControl "180+1"]
[EndTime "11:19:23 PDT"]
[Termination "Hikaru won by resignation"]

1. Nf3 d5 2. d4 e6 3. Bf4 g6 4. e3 Bg7 5. c4 Nf6 6. Nc3 O-O 7.
h3 c5 8. dxc5 Qa5 9. Qa4 Qxc5 10. Qb5 Qe7 11. cxd5 Nxd5 12. Nxd5 exd5 13. Be2 a6 14.
Qb3 Nc6 15. O-O d4 16. Rfe1 Be6 17. Qb6 Rfd8 18. Bg5 f6 19. exd4 Qb4 20. Qxb4 Nxb4 21. Bd1 Bd5 22. Be3 Nxa2 23. Bd2 Bf8 24. Nh2 Nb4 25.
Ng4 Kf7 26. Ne3 Be6 27. Bc3 Nd5 28. Bf3 Rac8 29. Rec1 Rd7 30. Ba5 Rxc1+ 31. Rxc1 Bh6 32. Bd2 Ne7 33. Bc3 Bd5 34. Be2 Nf5 35. Bd2 Nxd4 36.
Bd1 Bb3 37. Kf1 Bxd1 38. Rxd1 Nb3 39. Bc3 Rxd1+ 40. Nxd1 Ke6 41. Ke2 Nc1+ 42. Kf3 f5 43. g4 Nd3 44. Ne3 fxg4+ 45. Nxg4 Bc1 46. b3 Nf4 47. h4 Nd5 48. Bd4 Ba3 49. Ke4 Be7 50. f3 Bxh4 51. Ne5 Nf6+ 52. Kd3 Nd7 53. Nc4 Bd8 54. Ne3 h5 55. Ng2 g5 56. f4 h4 57. fxg5 Bxg5 58. Ne1 h3 59. Nf3 Bf4 60. Bg1 Ne5+ 61. Ke4 Nxf3 62. Kxf3 h2 63. Bxh2 Bxh2 64. Ke4 Kd6 0-1

[Event "*** Titled Tuesday Blitz"]
[Site "Chess.com"]
[Date "2020.04.28"]
[Round "7"]
[White "2346PL"]
[Black "BikingBrian"]
[Result "1/2-1/2"]
[WhiteElo "2476"]
[BlackElo "2336"]
[TimeControl "180+1"]
[EndTime "11:19:23 PDT"]
[Termination "Game drawn - insufficient material"]

1. d4 Nf6 2. Bg5 c5 3. d5 Ne4 4.
Bf4 e6 5. f3 Bd6 6. Bxd6 Nxd6 7. e4 e5 8. Nc3 O-O 9. g4 Qh4+ 10. Kd2 Qg5+ 11. Ke1 Qh4+ 12. Kd2 Qg5+ 13. Ke2 b6 14. Kf2 Qh4+ 15. Kg2 g6 16. Qe1 Qxe1 17. Rxe1 f5 18.
exf5 gxf5 19. Rxe5 fxg4 20. fxg4 Nf7 21. Re7 d6 22.
Ne4 Nd7 23. Nf3 Nfe5 24. Nxe5 Nxe5 25. h3 Ng6 26. Nxd6 Nxe7 27. Bc4 Kg7 28. Re1 Ng6 29.
Kg3 Bd7 30. h4 Rf6 31. Ne4 Rf7 32. Nd6 Re7 33. Rg1 Rf8 34. h5 Ne5 35. Be2 Rf6 36.
Ne4 Rf8 37. Ng5 h6 38. d6 Ree8 39. Nh3 Nf7 40. Bd3 Ng5 41. Nf4 Re3+ 42. Kf2 Rxd3 43. Ke2 Rxf4 44. Kxd3 Rd4+ 45. Kc3 Rxd6 46. a4 Ne4+ 47.
Kc4 Be6+ 48. Kb5 a6+ 49. Kxa6 Bc4+ 50. Kb7 Nf6 51. g5 Nd5 52. gxh6+ Kxh6 53. b3 Rd7+ 54.
Kc8 Bb5 55. axb5 Rg7 56. Rd1 Nf6 57. Rd6 Kg5 58. h6 Rh7 59. Rxb6 Rxh6 60. Rc6 Ne4 61. b6 Rxc6+ 62. Kb7 Rxb6+ 63. Kxb6 Kf5 64. c3 Ke5 65. Kb5 Kd6 66. b4 cxb4 67. cxb4 Kd5 68. Ka6 Nd6 69. b5 Nxb5 1/2-1/2